 Dungeon Crawl Stone Soup version 0.28.0-45-g0d030f2227 (webtiles) character file.

Game seed: 2992714492480980969

77 Zeld the Gusty (level 4, -2/24 HPs)
             Began as a Tengu Air Elementalist on Apr 3, 2022.
             Slain by a gnoll
             ... wielding a +0 spear
              (8 damage)
             ... on level 3 of the Dungeon.
             The game lasted 00:03:10 (2092 turns).

Zeld the Gusty (Tengu Air Elementalist)             Turns: 2092, Time: 00:03:10

Health: -2/24      AC:  2    Str:  8    XL:     4   Next: 33%
Magic:  6/9        EV: 12    Int: 18    God:
Gold:   79         SH:  0    Dex: 14    Spells: 2/8 levels left

rFire   . . .      SeeInvis .   (no weapon)
rCold   . . .      Faith    .   (no shield)
rNeg    . . .      Spirit   .   a - +0 robe
rPois   .          Reflect  .   (helmet restricted)
rElec   .          Harm     .   (no cloak)
rCorr   .          Rampage  .   (no gloves)
Will    .....                   (boots unavailable)
Stlth   ++........              (no amulet)
HPRegen 0.08/turn               (no ring)
MPRegen 0.11/turn               (no ring)

@: no status effects
A: beak, talons 3
a: no special abilities


You were on level 3 of the Dungeon.
You visited 1 branch of the dungeon, and saw 3 of its levels.

You collected 79 gold pieces.

Inventory:

Armour
 a - a +0 robe (worn)
Jewellery
 g - a ring of protection from cold
Scrolls
 e - 3 scrolls of identify {unknown}
 f - 2 scrolls of amnesia {unknown}
 h - a scroll of fog {unknown}
Potions
 b - a potion of magic {unknown}
 c - a potion of cancellation {unknown}
 d - a potion of haste {unknown}
 i - a potion of invisibility {unknown}
 j - a potion of might {unknown}


   Skills:
 + Level 2.7 Dodging
 + Level 2.4 Stealth
 * Level 2.7 Spellcasting
 + Level 2.4 Conjurations
 * Level 4.9 Air Magic


You had 2 spell levels left.
You knew the following spells:

 Your Spells              Type           Power      Damage    Failure   Level
a - Shock                 Conj/Air       60%        1d6       3%          1
b - Static Discharge      Conj/Air       15%        N/A       5%          2
c - Swiftness             Air            20%        N/A       7%          3

Your spell library contained the following spells:

 Spells                   Type           Power      Damage    Failure   Level
 Airstrike                Air            10%        N/A       22%         4


Dungeon Overview and Level Annotations

Branches:
Dungeon (3/15)

Altars:

Shops:
D:2 [


Innate Abilities, Weirdness & Mutations

You have a beak for a mouth.
You have claws for feet.


Message History

Aim: a gnoll, wielding a +0 club (heavily wounded, 75% to hit)
The zap hits the gnoll.
The gnoll is severely wounded.
The zap misses the gnoll.
The zap hits the gnoll.
The gnoll is severely wounded.
The zap hits the gnoll but does no damage.
The gnoll hits you from afar with a +0 spear.
The gnoll hits you with a +0 club.
* * * LOW HITPOINT WARNING * * *
Unknown command.
Your magical contamination has completely faded away.
Casting: Shock (safe; 4% risk of failure)
Confirm with . or Enter, or press ? or * to list all spells.
Aiming: Shock (safe; 4% risk of failure)
Press: ? - help, Shift-Dir - straight line, f/p - gnoll
Aim: a gnoll, wielding a +0 club (severely wounded, 75% to hit)
The zap hits the gnoll.
The gnoll is heavily wounded.
The zap hits the gnoll.
You kill the gnoll!
The zap hits the gnoll.
You kill the gnoll!
The gnoll closely misses you.
You have reached level 4!
You feel clever.
Casting: Shock (safe; 3% risk of failure)
Confirm with . or Enter, or press ? or * to list all spells.
Aiming: Shock (safe; 3% risk of failure)
Press: ? - help, Shift-Dir - straight line, f - gnoll
Aim: a gnoll, wielding a +2 halberd of protection (75% to hit)
The zap hits the gnoll.
The gnoll is heavily wounded.
The zap hits the gnoll.
The gnoll is lightly wounded.
The gnoll hits you from afar with a +0 spear.
* * * LOW HITPOINT WARNING * * *
Number of times to repeat, then command key: You must enter the number of times for the command to repeat.
The gnoll hits you from afar with a +0 spear!
You die...

####.####.............
#. #.####.#####..
####.####.###.........
.......>........####.#
######.#.####..# #.#.#
#..# #.#.# #..#
#.#.###...# ##
#.#.@...#....
#.#....###.#
#g#.##g.#..#
#g#.###...####
##.#............
##....#####.####.#
#.....# .# #.#
###....#####.# #.#
##### #............#
#g#


You could see a gnoll.

Vanquished Creatures
  3 gnolls
  A worm (D:2)
  2 dart slugs
  3 ball pythons
  5 bats
  6 endoplasms
  A giant cockroach (D:3)
  A goblin (D:1)
  5 hobgoblins
  8 kobolds
  2 frilled lizards (D:1)
  4 rats
41 creatures vanquished.

Notes
Turn   | Place    | Note
-------+----------+-------------------------------------------
     0 | D:1      | Zeld the Tengu Air Elementalist began the quest for the
                  | Orb.
     0 | D:1      | Reached XP level 1. HP: 10/10 MP: 4/4
    49 | D:1      | Reached XP level 2. HP: 15/15 MP: 0/6
   524 | D:1      | Reached XP level 3. HP: 14/19 MP: 4/7
   528 | D:1      | Learned a level 2 spell: Static Discharge
   532 | D:1      | Learned a level 3 spell: Swiftness
  1157 | D:2      | Found Asou's Antique Armour Boutique.
  2049 | D:3      | Reached XP level 4. HP: 7/24 MP: 2/9
  2092 | D:3      | Slain by a gnoll

Illustrated notes

Levels and vault maps discovered:
D:1:      dpeg_arrival_boxorama, layout_basic
D:2:      layout_loops_ring, serial_shops, nicolae_shop_hallway_stairs,
          grunt_decor_mini_mirrors
D:3:      layout_loops_ring, shapermc_ecumenical_altar_pompeii,
          grunt_ministairs_2

Skill      XL: |  1  2 |
---------------+-------+-----
Conjurations   | 2 |  2.4
Dodging        | |  2.7
Stealth        | |  2.4
Spellcasting   | |  2.7
Air Magic      | |  4.9

Action                   |  1- 3 |  4- 6 || total
-------------------------+-------+-------++-------
Melee: Unarmed           |     5 |       ||     5
       Kick              |     2 |       ||     2
 Cast: Shock             |    81 |     1 ||    82
Armor: Robe              |     4 |       ||     4
Dodge: Dodged            |    14 |       ||    14
